 Dungeon Crawl Stone Soup version 0.30.1-9-gdf580d7c3d (webtiles) character file.

Game seed: 16075500947159486181

1434 lonewolfV2 the Shield-Bearer (level 9, -2/68 HPs)
             Began as a Formicid Fighter on Oct 11, 2023.
             Slain by a phantom (5 damage)
             ... on level 5 of the Dungeon.
             The game lasted 00:08:22 (4351 turns).

lonewolfV2 the Shield-Bearer (Formicid Fighter)     Turns: 4351, Time: 00:08:22

Health: -2/68      AC:  3    Str: 23    XL:     9   Next: 3%
Magic:  9/9        EV: 11    Int:  4    God:
Gold:   235        SH: 27    Dex: 20    Spells: 8/8 levels left

rFire   . . .        a - +0 war axe
rCold   . . .        f - +10 tower shield of Ignorance {rN+ Int-4}
rNeg    + . .        t - +0 leather armour "Jeshessup" {+Inv Regen+ rCorr Dex+5}
rPois   .            (helmet unavailable)
rElec   .            (no cloak)
rCorr   +            (no gloves)
SInv    +            (no boots)
Will    +....        o - amulet of magic regeneration
Stlth   ++           m - ring of willpower
HPRegen 1.11/turn    (no ring)
MPRegen 0.51/turn

%: no passive effects
@: no status effects
A: permanent stasis, dig shafts and tunnels, antennae 3, four strong arms
a: Dig, Shaft Self, Evoke Invisibility


You were on level 5 of the Dungeon.
You visited 1 branch of the dungeon, and saw 6 of its levels.

You collected 368 gold pieces.
You spent 133 gold pieces at shops.

Inventory:

Hand Weapons
 a - a +0 war axe (weapon)
Armour
 b - a +0 scale mail
 c - a +1 buckler
 f - the +10 tower shield of Ignorance (worn) {rN+ Int-4}
   (You acquired it on level 3 of the Dungeon)

   Int:       It affects your intelligence (-4).
   rN:        It protects you from negative energy.
 t - the +0 leather armour "Jeshessup" (worn) {+Inv Regen+ rCorr Dex+5}
   (You bought it in a shop on level 2 of the Dungeon)

   Dex:       It affects your dexterity (+5).
   +Inv:      It lets you turn invisible.
   Regen:     It increases your rate of health regeneration.
   rCorr:     It protects you from acid and corrosion.
Jewellery
 m - a ring of willpower (left hand)
 o - an amulet of magic regeneration (around neck)
 r - the ring "Gumufryu" {rC+ Will+ Dex+6}
   (You found it on level 4 of the Dungeon)

   [ring of willpower]

   Dex:       It affects your dexterity (+6).
   rC:        It protects you from cold.
   Will:      It increases your willpower.
Wands
 A - a wand of quicksilver (9)
Scrolls
 k - a scroll of fear
 p - a scroll of teleportation
 q - a scroll of magic mapping
 x - a scroll of enchant weapon {unknown}
 y - a scroll of fog
 B - a scroll of butterflies {unknown}
 C - a scroll of amnesia
 D - a scroll of blinking {unknown}
Potions
 d - 2 potions of might
 e - 3 potions of degeneration
 g - 2 potions of flight
 h - a potion of cancellation
 i - 2 potions of berserk rage
 j - 2 potions of magic
 l - a potion of heal wounds {unknown}
 n - 2 potions of curing
 s - 3 potions of ambrosia
 u - a potion of haste {unknown}
 v - 3 potions of lignification
 w - a potion of mutation {unknown}
 z - a potion of experience {unknown}


   Skills:
 + Level 5.4 Fighting
 + Level 6.8 Axes
 + Level 4.3 Armour
 + Level 3.3 Dodging
 + Level 2.0 Stealth
 + Level 7.8 Shields


You had 8 spell levels left.
You didn't know any spells.
Your spell library contained the following spells:

 Spells                   Type           Power      Damage    Failure   Level
 Sandblast                Erth           0%         2d4       96%         1
 Summon Small Mammal      Summ           0%         N/A       96%         1
 Passwall                 Tmut/Erth      0%         N/A       99%         2
 Call Canine Familiar     Summ           0%         N/A       100%        3
 Stone Arrow              Conj/Erth      0%         3d7       100%        3
 Summon Guardian Golem    Hex/Summ       0%         N/A       100%        3
 Animate Dead             Necr           0%         N/A       100%        4
 Petrify                  Tmut/Erth      0%         N/A       100%        4
 Alistair's Intoxication  Tmut/Pois      0%         N/A       100%        5
 Borgnjor's Vile Clutch   Necr/Erth      0%         N/A       100%        5
 Metabolic Englaciation   Hex/Ice        0%         N/A       100%        5
 Death Channel            Necr           0%         N/A       100%        6
 Eringya's Noxious Bog    Tmut/Pois      0%         N/A       100%        6
 Statue Form              Tmut/Erth      0%         N/A       100%        6


Dungeon Overview and Level Annotations

Branches:
Dungeon (6/15)
 Temple: D:4-7

Altars:
Ashenzari
Okawaru
Vehumet

Shops:
D:2 [(:[


Innate Abilities, Weirdness & Mutations

You cannot be hasted, slowed, berserked, paralysed or teleported.
You can dig through walls and to a lower floor.
You have a pair of large antennae on your head. (SInv)
Your four strong arms can wield two-handed weapons with a shield.


Message History

a +0 hand axe; a +0 robe You climb downwards.
You block the phantom's attack. You block the ogre's attack.
You block the wight's attack. The sleepcap misses you.
There is a stone staircase leading up, spattered with blood here.
You completely miss the wight. You closely miss the phantom.
You slash the sleepcap! You slash the ogre! You block the phantom's attack.
You block the wight's attack. You block the sleepcap's attack.
The white imp gestures at you. The puff of frost hits you!
The ogre hits you with a +0 giant spiked club!
You closely miss the wight. You slash the ogre! You hit the phantom.
You slash the sleepcap! You block the phantom's attack.
You block the wight's attack. You block the sleepcap's attack.
The wight hits you with a +0 falchion! The ogre barely misses you.
The sleepcap releases spores at you but does no damage.
The phantom closely misses you.
The wight hits you with a +2 dagger of freezing!
The wight freezes you. You block the phantom's attack.
You block the wight's attack. The sleepcap releases spores at you.
You block the wight's attack.
You climb upwards.
There is a stone staircase leading down, spattered with blood here.
Things that are here:
a +0 robe; a +0 hand axe You slash the ogre!
The ogre is almost dead.
You barely miss the phantom. You hit the wight.
You hit the sleepcap but do no damage. You hit the wight.
You block the ogre's attack. You block the wight's attack. x2
The sleepcap releases spores at you. The phantom hits you.
You barely miss the ogre.
The ogre is almost dead.
You hit the wight but do no damage. You slash the sleepcap!
You hit the wight but do no damage. You hit the phantom but do no damage.
You block the sleepcap's attack. You block the wight's attack. x2
The ogre hits you with a +0 giant spiked club!!
* * * LOW HITPOINT WARNING * * *
The phantom hits you.
You die...

### #.######### #.#........ #
#.#.#####.# # #.#.# #.# # #.#.#
#.# # ###########.#.## #.#
#############...Oz.........# #.#
............)..[@f...#..#### #.#
.....##.#####..W.z...#..#######.#
####.##.##.......###.#..........#
# #.##.....###..# #.#...########
####..#.##..# #..# #.#.....#
........##..###..###.#...####
####..#.##..#...............#
..)..............##......####
)###..#.#####..#.........#


You could see an ogre, a phantom, a sleepcap and 2 wights.

Vanquished Creatures
  Sigmund (D:6)
  A water moccasin (D:6)
  A black bear (D:5)
  An ogre (D:5)
  A phantom (D:5)
  A kobold brigand (D:6)
  Blork the orc (D:4)
  2 scorpions (D:5)
  3 wights
  3 hounds (D:5)
  3 jellies
  Terence (D:3)
  Jessica (D:2)
  An orc wizard (D:5)
  2 iguanas (D:5)
  7 gnolls (D:5)
  An adder (D:3)
  A white imp (D:6)
  2 ufetubi (D:5)
  4 worms
  2 dart slugs
  7 orcs
  7 ball pythons
  7 bats
  6 endoplasms
  3 giant cockroaches
  6 goblins
  6 hobgoblins
  6 jackals
  7 kobolds
  A quokka (D:5)
  3 frilled lizards
  8 rats
107 creatures vanquished.

Notes
Turn   | Place    | Note
-------+----------+-------------------------------------------
     0 | D:1      | lonewolfV2 the Formicid Fighter began the quest for the
                  | Orb.
     0 | D:1      | Reached XP level 1. HP: 18/18 MP: 1/1
    99 | D:1      | Reached XP level 2. HP: 19/24 MP: 2/2
   359 | D:1      | Reached XP level 3. HP: 27/30 MP: 3/3
   550 | D:2      | Found Ker Rut's Armour Shop.
   822 | D:2      | Noticed Jessica
   831 | D:2      | Killed Jessica
   832 | D:2      | Reached XP level 4. HP: 8/37 MP: 4/4
  1283 | D:2      | Found Tozidd's Antique Armour Shop.
  1295 | D:2      | Bought a buzzing leather armour for 133 gold pieces
  1295 | D:2      | Identified the +0 leather armour "Jeshessup" {+Inv Regen+
                  | rCorr Dex+5} (You bought it in a shop on level 2 of the
                  | Dungeon)
  1368 | D:2      | Found Wemuli's General Store.
  1402 | D:2      | Found Waejim's Antique Weapon Boutique.
  1468 | D:2      | Found Inyur's Book Shop.
  1519 | D:3      | Identified a scroll of acquirement
  1519 | D:3      | Acquired the +10 tower shield of Ignorance {rN+ Int-4}
  1519 | D:3      | Found the +10 tower shield of Ignorance {rN+ Int-4}
  1567 | D:3      | Noticed Terence
  1574 | D:3      | Killed Terence
  1621 | D:3      | Reached XP level 5. HP: 42/42 MP: 5/5
  2275 | D:4      | Identified the ring "Gumufryu" {rC+ Will+ Dex+6}
  2481 | D:4      | Noticed Blork the orc
  2495 | D:4      | Killed Blork the orc
  2496 | D:4      | Reached skill level 1 in Dodging
  2496 | D:4      | Reached skill level 1 in Stealth
  2496 | D:4      | Reached XP level 6. HP: 38/48 MP: 6/6
  2617 | D:4      | Reached skill level 5 in Shields
  2839 | D:5      | Entered Level 5 of the Dungeon
  2992 | D:5      | Reached XP level 7. HP: 47/55 MP: 7/7
  3016 | D:5      | Found a broken altar of Ashenzari.
  3168 | D:5      | Reached skill level 5 in Axes
  3288 | D:5      | Reached skill level 6 in Shields
  3314 | D:5      | Found an iron altar of Okawaru.
  3413 | D:5      | Found a radiant altar of Vehumet.
  3487 | D:5      | Reached XP level 8. HP: 48/61 MP: 8/8
  3543 | D:5      | You fall into a shaft and drop 1 floor!
  3917 | D:6      | Reached skill level 7 in Shields
  3930 | D:6      | Noticed Sigmund
  3944 | D:6      | Killed Sigmund
  4001 | D:6      | Reached skill level 5 in Fighting
  4115 | D:5      | Reached XP level 9. HP: 37/68 MP: 9/9
  4351 | D:5      | HP: 3/68 [ogre/+0 giant spiked club (24)]
  4351 | D:5      | Slain by a phantom

Illustrated notes

Levels and vault maps discovered:
D:1:      saegor_arrival_simple_e, layout_rooms
D:2:      layout_rooms, serial_shops, nicolae_shop_dealshenge,
          nicolae_shop_back_alley_shop, shop, shop,
          nicolae_shop_advertising_works [nicolae_subvault_shop_adworks],
          uniq_jessica
D:3:      layout_loops_ring, nrook_mini_vaults, uniq_terence
D:4:      layout_loops_cross, kennysheep_nub, minmay_gold_behind_fungi,
          uniq_blork_the_orc
D:5:      layout_basic, mainiacjoe_overflow_surrounded_room, ashenzari_altar_1,
          vehumet_crystals, grunt_ministairs_15
D:6:      layout_cave_pools, minmay_temple_entry_enclosed_plants, uniq_menkaure,
          uniq_sigmund, uniq_eustachio

Skill      XL: |  1  2  3  4  5  6  7  8 |
---------------+-------------------------+-----
Axes           | 3 4 5 6 |  6.8
Fighting       | 4 5 |  5.4
Dodging        | 1 2 3 |  3.3
Stealth        | 1 2 |  2.0
Shields        | 5 6 7 |  7.8
Armour         | 4 |  4.3

Action                     |  1- 3 |  4- 6 |  7- 9 || total
---------------------------+-------+-------+-------++-------
  Melee: War axe           |    79 |   150 |   117 ||   346
Ability: Dig               |     1 |       |       ||     1
    Use: Scroll            |       |    11 |     5 ||    16
   Stab: Sleeping          |       |     3 |     1 ||     4
 Armour: Scale mail        |    50 |     3 |       ||    53
         Leather armour    |       |    14 |    14 ||    28
  Dodge: Dodged            |    43 |    40 |    34 ||   117
  Block: Buckler           |    25 |     3 |       ||    28
         Tower shield      |       |   212 |   179 ||   391
